Map: Ulrena

Players

flash - Winner!

  • Race: Terran Terran
  • League: Gold

capac

  • Race: Terran Terran
  • League: Gold

VOD

Have the link to the VOD?

Description

Time

  • Played on: April 10, 2016, 12:55 p.m.
  • Length: 6:07
Show
View Real Time Build Order
Export as new Build Order

flash Terran - Winner!

Build Orders:  

Get SALT Encoding   

  12  0:01  SCV  
  13  0:13  SCV  
  14  0:18  Supply Depot  
  14  0:25  SCV  
  15  0:40  SCV  
  15  0:42  Barracks  
  16  0:47  Refinery  
  16  0:53  Refinery  
  16  0:54  SCV  
  17  1:06  SCV  
  18  1:18  SCV  
  19  1:30  Supply Depot  
  19  1:32  Orbital Command  
  19  1:35  Barracks Reactor  
  19  1:46  Factory  
  19  1:58  SCV  
  20  2:04  Supply Depot  
  20  2:10  SCV  
  20  2:11  Marine x2  
  23  2:22  SCV  
  24  2:29  Marine x2  
  26  2:32  Starport  
  26  2:34  Factory Tech Lab  
  26  2:47  Marine x2  
  26  2:50  Supply Depot  
  28  2:55  Siege Tank  
  31  3:09  Marine x2  
  33  3:12  Medivac  
  35  3:20  Supply Depot  
  38  3:27  Marine x2, Siege Tank  
  40  3:44  Medivac  
  40  3:45  Marine x2  
  44  4:10  Marine x2  
  44  4:12  Siege Tank  
  49  4:28  Marine x2  
  49  4:30  Liberator  
  52  5:10  Marine  
  52  5:11  Marine  
  55  5:47  Engineering Bay  
Show
View Real Time Build Order
Export as new Build Order

capac Terran 

Build Orders:  

Get SALT Encoding   

  12  0:00  SCV  
  13  0:16  Supply Depot  
  13  0:18  SCV  
  14  0:30  SCV  
  15  0:40  Barracks  
  15  0:42  SCV  
  16  0:45  Refinery  
  16  0:54  SCV  
  17  1:06  SCV  
  18  1:18  SCV  
  19  1:30  Barracks Reactor  
  19  1:34  Orbital Command  
  19  1:45  Command Center  
  19  2:05  Factory  
  19  2:06  SCV  
  20  2:10  Marine x2  
  22  2:19  SCV  
  23  2:23  Supply Depot  
  23  2:45  SCV  
  24  2:54  Widow Mine  
  24  2:56  Starport  
  24  2:58  Widow Mine  
  26  3:01  Supply Depot  
  26  3:05  Orbital Command  
  28  3:06  Barracks, SCV  
  29  3:18  SCV  
  30  3:21  Barracks Tech Lab  
  30  3:43  Marine  
  31  3:48  Command Center  
  31  3:49  Medivac  
  31  3:51  Hellion x2  
  31  3:54  SCV  
  31  3:55  SCV  
  39  4:06  SCV  
  39  4:07  SCV  
  41  4:12  Refinery  
  41  4:21  SCV x2  
  43  4:32  Marine  
  43  4:33  SCV x2  
  43  4:34  Widow Mine x2  
  50  4:50  Marine  
  46  4:54  Liberator  
  40  5:08  Hellion  
  46  5:22  Marine  
  46  5:23  Marine  
  46  5:27  Hellion  
Tags
 
League
GoldGold
Matchup
TvT
Race
Terran
Add a new tag
Caveats
  • Supply blocks, unpowered buildings, or Contaminate may cause inaccurate times.
  • Supply counts are checked every 10 seconds.